 Dungeon Crawl Stone Soup version 0.30-a0-738-g116ff8c4af (webtiles) character file.

Game seed: 17385427944291074961

1253 demibob the Spear-Bearer (level 8, -1/52 (56) HPs)
             Began as a Merfolk Gladiator on Feb 3, 2023.
             Slain by a wight
             ... wielding a +5 short sword of freezing
              (2 damage)
             ... on level 6 of the Dungeon.
             The game lasted 00:06:50 (3681 turns).

demibob the Spear-Bearer (Merfolk Gladiator)        Turns: 3681, Time: 00:06:51

HP:   -1/52 (56)    AC:  2    Str: 14    XL:     8   Next: 51%
MP:   8/8           EV: 16    Int: 11    God:
Gold: 238           SH:  0    Dex: 18    Spells: 7/7 levels left

rFire   . . .      SeeInvis .    l - +4 spear of Saxokk {venom, Int+4}
rCold   . . .      Faith    .    (no shield)
rNeg    . . .      Spirit   .    b - +0 leather armour
rPois   .          Reflect  .    c - +1 helmet
rElec   .          Harm     .    (no cloak)
rCorr   .          Rampage  .    (no gloves)
Will    .....                    m - +0 pair of boots
Stlth   +                        p - amulet of the acrobat
HPRegen 0.28/turn                Y - +4 ring of slaying
MPRegen 0.11/turn                (no ring)

@: about to teleport, corroded, drained
A: (nimble swimmer 2), mertail
a: no special abilities


You were on level 6 of the Dungeon.
You visited 1 branch of the dungeon, and saw 6 of its levels.

You collected 238 gold pieces.


Innate Abilities, Weirdness & Mutations

((You are very nimble when in or above water. (Stealth+, EV+, Speed+++)))
Your lower body shifts to a powerful aquatic tail in water.


   Skills:
 - Level 2.1 Fighting
 * Level 11.3 Polearms
 - Level 2.0 Throwing
 + Level 8.5 Dodging


You had 7 spell levels left.
You didn't know any spells.
Your spell library contained the following spells:

 Spells                   Type           Power      Damage    Failure   Level
 Call Imp                 Summ           0%         N/A       56%         2
 Static Discharge         Conj/Air       0%         2-2/arc   56%         2
 Vhi's Electric Charge    Tloc/Air       0%         N/A       80%         3
 Arcjolt                  Conj/Air       0%         1d10      100%        5
 Lightning Bolt           Conj/Air       0%         1d11      100%        5
 Dispersal                Tloc           0%         N/A       100%        6
 Summon Cactus Giant      Summ           0%         N/A       100%        6

Inventory:

Hand Weapons
 a - a +0 trident
 l - the +4 spear of Saxokk (weapon) {venom, Int+4}
   (You found it on level 2 of the Dungeon)

   Int:       It affects your intelligence (+4).
Missiles
 d - 4 throwing nets (quivered) {=f}
 e - a javelin
Armour
 b - a +0 leather armour (worn)
 c - a +1 helmet (worn)
 m - a +0 pair of boots (worn)
Jewellery
 p - an amulet of the acrobat (around neck)
 C - a ring of ice
 Y - a +4 ring of slaying (left hand)
Wands
 o - a wand of quicksilver (8)
Scrolls
 f - 2 scrolls of enchant armour
 j - 4 scrolls of teleportation {@r2}
 n - a scroll of blinking {unknown}
 x - 2 scrolls of identify {@r1}
Potions
 g - 3 potions of curing {@q1}
 h - 2 potions of magic
 i - a potion of haste {@q3}
 k - a potion of cancellation
 q - 3 potions of attraction
 r - 3 potions of berserk rage {!q}
 t - a potion of flight
 u - 2 potions of degeneration
 v - a potion of invisibility
 w - a potion of ambrosia {unknown}

Dungeon Overview and Level Annotations

Branches:
Dungeon (6/15)             Temple (0/1) D:6

Altars:

Shops:
D:1 :   D:3 :   D:4 [ D:6

* ##.........###..........
##.#...##.##.............
....##.[#.................
..>..#....##...##......>..
........#.##..............
........#.#?.#............
.............#......z.....
#....###...#..........## .
.... #.......@z.......# .
.... ##.....##z........ .
...##..!##.......# .
.#.....# #.......# .....#
......### ...... ......#
.#.. .###..## # ... ...#


You could see 3 wights.


Message History

You closely miss the wight. You hit the wight but do no damage.
The wight hits you with a +5 dagger of freezing.
You feel drained. The wight freezes you.
* * * LOW HITPOINT WARNING * * *
You are too injured to fight recklessly!
The wight attacks as you move away!
The wight hits you with a +5 dagger of freezing.
* * * LOW HITPOINT WARNING * * *
The wight freezes you.
* * * LOW HITPOINT WARNING * * *
You see here a bullfrog corpse.
The wight attacks as you move away! The wight completely misses you.
You feel much better.
The wight hits you with a +5 dagger of freezing!
* * * LOW HITPOINT WARNING * * *
You feel drained.
* * * LOW HITPOINT WARNING * * *
The wight freezes you.
* * * LOW HITPOINT WARNING * * *
As you read the scroll of teleportation {@r2}, it crumbles to dust.
You feel strangely unstable.
The wight hits you with a +5 dagger of freezing!
* * * LOW HITPOINT WARNING * * *
The wight freezes you.
* * * LOW HITPOINT WARNING * * *
The wight hits you with a +5 short sword of freezing!
* * * LOW HITPOINT WARNING * * *
The wight freezes you.
You die...

Skill      XL: |  1  2  3  4  5  6  7  8 |
---------------+-------------------------+-----
Polearms       | 5 6 7 8 10 11 | 11.3
Dodging        | 5 6 7 8 |  8.5
Fighting       | |  2.1
Throwing       | |  2.0

Action                     |  1- 3 |  4- 6 |  7- 9 || total
---------------------------+-------+-------+-------++-------
  Melee: Trident           |    74 |    29 |       ||   103
         Punch             |     2 |     2 |     1 ||     5
         Spear             |       |   104 |   100 ||   204
    Use: Scroll            |     5 |     9 |     4 ||    18
         Potion            |       |       |     2 ||     2
   Stab: Sleeping          |     2 |       |       ||     2
         Invisible         |       |       |     5 ||     5
 Armour: Leather armour    |     5 |    23 |     5 ||    33
  Dodge: Dodged            |    33 |    49 |    35 ||   117

Levels and vault maps discovered:
D:1:      dpeg_arrival_prison, layout_loops_ring, nicolae_shop_vocational
D:2:      layout_basic, serial_rivers, chequers_serial_rivers_micro_e,
          chequers_serial_rivers_small_b, chequers_serial_rivers_marsh,
          chequers_serial_rivers_micro_a, grunt_decor_arrowhead
D:3:      kennysheep_big_flooded_room, layout_loops_ring, serial_shops,
          nicolae_shop_hallway_plus
D:4:      layout_cave_pools, serial_shops, kennysheep_mini
D:5:      layout_rooms, chequers_serial_rivers_marsh, uniq_duvessa
D:6:      layout_cave_pools, mainiacjoe_overflow_24_doors,
          minmay_temple_entry_grid, portal_sewer_entry_e, serial_shops, shop,
          shop, uniq_sigmund

Notes
Turn   | Place    | Note
-------+----------+-------------------------------------------
     0 | D:1      | demibob the Merfolk Gladiator began the quest for the Orb.
     0 | D:1      | Reached XP level 1. HP: 16/16 MP: 1/1
    62 | D:1      | Found Geiny's Vocational Training.
    94 | D:1      | Reached XP level 2. HP: 22/22 MP: 2/2
   356 | D:1      | Reached skill level 5 in Polearms
   356 | D:1      | Reached XP level 3. HP: 27/27 MP: 3/3
   968 | D:2      | Reached XP level 4. HP: 31/33 MP: 4/4
   972 | D:2      | Reached skill level 5 in Dodging
  1099 | D:2      | Reached skill level 6 in Polearms
  1411 | D:2      | Identified the +4 spear of Saxokk {venom, Int+4}
  1623 | D:3      | Found Rabin's Book Shop.
  1904 | D:3      | Got the Cyclopedia of Congregated Points
  2397 | D:4      | Reached XP level 5. HP: 38/38 MP: 5/5
  2536 | D:4      | Reached skill level 7 in Polearms
  2555 | D:4      | Reached XP level 6. HP: 44/44 MP: 6/6
  2563 | D:4      | Reached skill level 6 in Dodging
  2633 | D:4      | Found Ucuewis's Antique Armour Shop.
  2907 | D:5      | Entered Level 5 of the Dungeon
  3023 | D:5      | Reached skill level 8 in Polearms
  3037 | D:5      | Reached XP level 7. HP: 47/50 MP: 7/7
  3187 | D:5      | Reached skill level 9 in Polearms
  3225 | D:5      | Reached skill level 7 in Dodging
  3319 | D:5      | Noticed Duvessa
  3319 | D:5      | Noticed Dowan
  3346 | D:5      | Killed Duvessa
  3350 | D:5      | Reached skill level 10 in Polearms
  3350 | D:5      | Reached XP level 8. HP: 55/56 MP: 8/8
  3357 | D:5      | Killed Dowan
  3598 | D:6      | Found Qinuankif's General Store.
  3603 | D:6      | Reached skill level 8 in Dodging
  3611 | D:6      | Found a staircase to the Ecumenical Temple.
  3620 | D:6      | Noticed Sigmund
  3627 | D:6      | Killed Sigmund
  3628 | D:6      | Reached skill level 11 in Polearms
  3681 | D:6      | HP: 1/52 [wight/+5 short sword of freezing (9)]
  3681 | D:6      | Slain by a wight

Vanquished Creatures
  Sigmund (D:6)
  Duvessa (D:5)
  A phantom (D:5)
  A bullfrog (D:6)
  4 scorpions
  Dowan (D:5)
  4 hounds
  2 jellies (D:6)
  5 iguanas
  An orc wizard (D:4)
  8 adders
  5 gnolls
  A white imp (D:5)
  An ufetubus (D:6)
  A worm (D:4)
  2 dart slugs
  7 orcs
  2 bats (D:2)
  13 endoplasms
  5 giant cockroaches
  7 goblins
  7 hobgoblins
  9 jackals
  A quokka (D:1)
  7 ball pythons
  3 frilled lizards
  5 kobolds
  3 rats (D:1)
108 creatures vanquished.

Table legend: (Time is in decaauts)
 A = Elapsed time spent in this place.
 B = Non-inter-level travel time spent in this place.
 C = Inter-level travel time spent in this place.
 D = Time resting spent in this place.
 E = Time spent auto-exploring this place.
 F = Levels seen in this place.
 G = Mean time per level.
                   A        B        C        D        E       F      G
               +--------+--------+--------+--------+--------+-----+--------+
         Total |   3594 |   3461 |    133 |    118 |   2653 |   6 |  599.0 |
       Dungeon |   3594 |   3461 |    133 |    118 |   2653 |   6 |  599.0 |
               +--------+--------+--------+--------+--------+-----+--------+

Top non-repeatable levels by time:
     D:2: 813 daAuts
     D:1: 781 daAuts
     D:3: 735 daAuts
     D:5: 587 daAuts
     D:4: 539 daAuts
     D:6: 136 daAuts

Table legend:
 A = Non-vault XP
 B = Vault XP
 C = Vault XP percentage of total XP
 D = Non-vault monster count
 E = Vault monster count
 F = Vault count percentage of total count
                 A         B        C        D         E       F
            +---------+---------+-------+---------+---------+-------
      Total |    1336 |     454 |  25.4 |     101 |       7 |   6.5
            +---------+---------+-------+---------+---------+-------
        D:1 |      50 |       4 |   7.4 |      22 |       2 |   8.3
        D:2 |      70 |       0 |   0.0 |      19 |       0 |   0.0
        D:3 |      24 |       5 |  17.2 |      12 |       2 |  14.3
        D:4 |     217 |       0 |   0.0 |      20 |       0 |   0.0
        D:5 |     694 |     214 |  23.6 |      20 |       2 |   9.1
        D:6 |     281 |     231 |  45.1 |       8 |       1 |  11.1
            +---------+---------+-------+---------+---------+-------
